 Dungeon Crawl Stone Soup version 0.27.1-1-g398f81649c (webtiles) character file.

Game seed: 4762779073723799591

2670 pkoi the Grappler (level 9, 0/80 HPs)
             Began as a Troll Monk on Sept 6, 2021.
             Was a High Priest of Dithmenos.
             Slain by a rust devil (10 damage)
             ... on level 6 of the Dungeon on Sept 7, 2021.
             The game lasted 00:07:38 (4739 turns).

pkoi the Grappler (Troll Monk)                      Turns: 4739, Time: 00:07:38

Health: 0/80       AC: -15   Str: 22    XL:     9   Next: 37%
Magic:  10/10      EV: 11    Int:  8    God:    Dithmenos [*****.]
Gold:   207        SH:  0    Dex: 12    Spells: 8/11 levels left

rFire    . . .     SeeInvis .     - Unarmed
rCold    + . .     Faith    .   (no shield)
rNeg     . . .     Spirit   .   a - +0 robe
rPois    .         Reflect  .   (helmet restricted)
rElec    .         Harm     .   i - +0 cloak
rCorr    .         Rampage  .   (gloves unavailable)
Will     .....                  (boots unavailable)
Stlth    +.........             r - amulet of the acrobat
HPRegen  1.23/turn              g - ring of protection from cold
MPRegen  0.12/turn              y - +4 ring of slaying

@: about to teleport, silenced, corroded, wreathed by umbra
A: large, unfitting armour, claws 3, regeneration 1, shaggy fur 1, tough skin 1
a: Renounce Religion


You were on level 6 of the Dungeon.
You worshipped Dithmenos.
Dithmenos was extremely pleased with you.
You visited 2 branches of the dungeon, and saw 7 of its levels.
You also visited: Ossuary.

You collected 207 gold pieces.

Inventory:

Missiles
 d - 33 poisoned darts (quivered)
 j - 7 javelins
 m - 5 boomerangs
Armour
 a - a +0 robe (worn)
 i - a +0 cloak (worn)
Jewellery
 b - an amulet of magic regeneration
 g - a ring of protection from cold (left claw)
 q - a ring of fire
 r - an amulet of the acrobat (around neck)
 s - a +6 ring of intelligence
 y - a +4 ring of slaying (right claw)
Wands
 c - a wand of digging (7)
 k - a wand of paralysis (9)
Scrolls
 e - 3 scrolls of teleportation
 f - 2 scrolls of vulnerability
 p - 3 scrolls of amnesia
 x - a scroll of magic mapping
 A - a scroll of enchant armour {unknown}
 B - a scroll of fear {unknown}
 C - a scroll of identify
Potions
 h - a potion of haste
 l - 2 potions of mutation {unknown}
 n - 6 potions of curing
 o - a potion of ambrosia {unknown}
 t - a potion of invisibility {unknown}
 u - 2 potions of brilliance {unknown}
 v - a potion of cancellation {unknown}
 w - 4 potions of might {unknown}
 D - a potion of heal wounds {unknown}


   Skills:
 - Level 2.4 Fighting
 + Level 6.0 Dodging
 - Level 1.0 Stealth
 * Level 10.6 Unarmed Combat
 + Level 1.5 Spellcasting
 + Level 1.7 Hexes


You had 8 spell levels left.
You knew the following spells:

 Your Spells              Type           Power      Damage    Failure   Level
a - Confusing Touch       Hex            3%         N/A       50%         3

Your spell library contained the following spells:

 Spells                   Type           Power      Damage    Failure   Level
 Slow                     Hex            3%         N/A       28%         2
 Magic Dart               Conj           0%         1d3       36%         1
 Call Imp                 Summ           0%         N/A       50%         2
 Ignite Poison            Fire/Tmut/Pois 0%         N/A       75%         3
 Mephitic Cloud           Conj/Pois/Air  0%         N/A       75%         3
 Bolt of Magma            Conj/Fire/Erth 0%         4d4       100%        5
 Yara's Violent Unravell  Hex/Tmut       1%         3d3       100%        5


Dungeon Overview and Level Annotations

Branches:
Dungeon (6/15)             Temple (1/1) D:4         Ossuary (visited)

Altars:
Ashenzari
Cheibriados
Dithmenos
Elyvilon
Fedhas
Gozag
Kikubaaqudgha
Makhleb
Okawaru
Ru
Sif Muna
Trog
Wu Jian
Xom
Yredelemnul
The Shining One

Shops:
D:2 [   D:4 ?=*


Innate Abilities, Weirdness & Mutations

You are too large for most types of armour.
You have claws for hands.
Your natural rate of healing is unusually fast.
You are covered in fur. (AC +1)
You have tough skin. (AC +1)


Message History

The rust devil hits you. The rust devil corrodes you!
You barely miss the rust devil.
The rust devil is almost dead.
The rust devil hits you. The rust devil corrodes you!
You closely miss the rust devil.
You claw the rust devil, but do no damage.
The rust devil is almost dead.
The rust devil closely misses you.
You claw the rust devil!
You kill the rust devil!
Dithmenos accepts your kill.
Your Dodging skill increases to level 6!
You start resting.
HP restored.
You can't go down here!
You climb upwards.
The orc warrior hits you with a +2 mace of holy wrath!!
The rust devil hits you. The rust devil corrodes you!
The orc warrior hits you with a +2 mace of holy wrath!!
* * * LOW HITPOINT WARNING * * *
There is a stone staircase leading down, spattered with blood here.
Magic restored.
The rust devil misses you.
The orc warrior hits you with a +2 mace of holy wrath!
* * * LOW HITPOINT WARNING * * *
You climb downwards.
There is a stone staircase leading up here.
As you read the scroll of teleportation, it crumbles to dust.
You feel strangely unstable. The rust devil hits you!
* * * LOW HITPOINT WARNING * * *
The rust devil corrodes you! The orc warrior barely misses you.
As you read the scroll labelled HANAIVE XOOSHRI, it crumbles to dust.
A profound silence engulfs you.
It was a scroll of silence.
The rust devil hits you!
* * * LOW HITPOINT WARNING * * *
The rust devil corrodes you!
The orc warrior hits you with a +2 mace of holy wrath.
* * * LOW HITPOINT WARNING * * *
Magic scrolls do not work when you're silenced!
You closely miss the rust devil. The rust devil hits you!
You die...

###.##.## #.# #.#
....)...# #.# #.#
###.###.# #.# #.# #
#.# #.# #.# #.# #
#.###.###.# #.#
#.........# #.#
#####.##### #.# #.#
##############.#
#.####...o@4[.......#
#......##############
#######.(.....
.###### .# .# .# .#
..


You could see a rust devil and an orc warrior.

Vanquished Creatures
  A rust devil (D:6)
  3 yaks (D:6)
  Edmund (D:6)
  A water moccasin (D:6)
  A hornet zombie (Ossuary)
  A black bear (D:4)
  A necrophage (D:5)
  An ice beast (D:5)
  An ogre (D:5)
  Blork the orc (D:6)
  A phantom (D:4)
  4 scorpions
  A bullfrog (D:6)
  3 bullfrog zombies (Ossuary)
  A centaur zombie (Ossuary)
  2 hounds
  Crazy Yiuf (D:3)
  Terence (D:3)
  2 killer bee zombies (Ossuary)
  16 mummies
  A howler monkey zombie (Ossuary)
  Robin (D:4)
  8 gnolls (D:4)
  A howler monkey skeleton (D:5)
  5 adders
  3 dart slugs
  A worm (D:2)
  An orc (D:4)
  4 ball pythons
  12 endoplasms
  4 giant cockroaches
  17 goblins
  2 hobgoblins
  7 jackals
  7 quokkas
  5 bats
  6 frilled lizards
  5 kobolds
  A kobold zombie (D:6)
  2 rats
137 creatures vanquished.

Vanquished Creatures (others)
  A human (D:4)
  5 withered plants (Ossuary)
6 creatures vanquished.

Grand Total: 143 creatures vanquished

Notes
Turn   | Place    | Note
-------+----------+-------------------------------------------
     0 | D:1      | pkoi the Troll Monk began the quest for the Orb.
     0 | D:1      | Reached XP level 1. HP: 22/22 MP: 0/0
   208 | D:1      | Reached XP level 2. HP: 28/29 MP: 1/1
   338 | D:1      | Found a faded altar of an unknown god.
   356 | D:1      | Became a worshipper of Dithmenos the Shadowed
   356 | D:1      | Reached * piety under Dithmenos
   356 | D:1      | Reached ** piety under Dithmenos
   360 | D:1      | Reached skill level 4 in Unarmed Combat
   828 | D:2      | Reached XP level 3. HP: 36/36 MP: 2/2
   845 | D:2      | Reached *** piety under Dithmenos
   877 | D:2      | Found Usymeu's Antique Armour Boutique.
  1609 | D:3      | Reached XP level 4. HP: 41/44 MP: 3/3
  1667 | D:3      | Reached skill level 5 in Unarmed Combat
  1873 | D:3      | Noticed Terence
  1881 | D:3      | Killed Terence
  2081 | D:3      | Found a runed translucent door.
  2082 | D:3      | Noticed Crazy Yiuf
  2283 | D:3      | Killed Crazy Yiuf
  2416 | D:4      | Noticed a black bear
  2424 | D:4      | Killed a black bear
  2425 | D:4      | Reached skill level 6 in Unarmed Combat
  2425 | D:4      | Reached XP level 5. HP: 48/50 MP: 4/4
  2434 | D:4      | Found an ancient bone altar of Kikubaaqudgha.
  2443 | D:4      | Noticed a human
  2445 | D:4      | Killed a human
  2460 | D:4      | Reached XP level 6. HP: 59/59 MP: 5/5
  2509 | D:4      | Found a staircase to the Ecumenical Temple.
  2511 | D:4      | Found Kungel's Magic Scroll Emporium.
  2527 | Temple   | Entered the Ecumenical Temple
  2959 | D:4      | Found Oloerr's General Store.
  2963 | D:4      | Found an opulent altar of Gozag.
  2964 | D:4      | Noticed Robin
  2965 | D:4      | Reached **** piety under Dithmenos
  2977 | D:4      | Killed Robin
  3062 | D:4      | Found Mikegh Loloh's Jewellery Shoppe.
  3222 | D:4      | Reached skill level 7 in Unarmed Combat
  3434 | D:5      | Entered Level 5 of the Dungeon
  3444 | D:5      | Reached XP level 7. HP: 61/66 MP: 6/6
  3657 | D:5      | Reached skill level 8 in Unarmed Combat
  3693 | D:5      | Learned a level 3 spell: Confusing Touch
  4095 | D:6      | Noticed a yak
  4101 | D:6      | Noticed a yak
  4101 | D:6      | Noticed a yak
  4102 | D:6      | Noticed a yak
  4104 | D:6      | Noticed a yak
  4105 | D:6      | Noticed Blork the orc
  4106 | D:6      | Noticed a yak
  4120 | D:6      | Reached XP level 8. HP: 41/74 MP: 7/7
  4144 | D:6      | Reached skill level 5 in Dodging
  4144 | D:6      | Reached skill level 9 in Unarmed Combat
  4210 | D:6      | Found a sand-covered staircase.
  4216 | Ossuary  | Entered an ossuary
  4293 | Ossuary  | Reached skill level 10 in Unarmed Combat
  4355 | Ossuary  | Reached ***** piety under Dithmenos
  4356 | Ossuary  | Reached XP level 9. HP: 80/80 MP: 9/9
  4441 | Ossuary  | Reached skill level 1 in Hexes
  4485 | Ossuary  | Reached skill level 1 in Spellcasting
  4572 | D:6      | Killed Blork the orc
  4647 | D:6      | Noticed Edmund
  4660 | D:6      | Killed Edmund
  4711 | D:5      | Noticed a rust devil
  4711 | D:5      | Noticed a rust devil
  4727 | D:6      | Killed a rust devil
  4739 | D:6      | Slain by a rust devil

Illustrated notes

Levels and vault maps discovered:
D:1:      elethiomel_arrival_infinity_welcomes_careful_drivers, layout_basic,
          basic_ecumenical_altar, serial_corexii_hall, corexii_hall_statues_u,
          corexii_hall_statues_deadend, minmay_heptomino_w4
D:2:      layout_loops_ring, serial_shops, shop,
          hangedman_decor_clover_reticule, minmay_misc_feat_rugged
D:3:      layout_loops_ring, grunt_decor_fettered, minmay_liquid_box,
          uniq_terence, uniq_crazy_yiuf_cottage
D:4:      layout_loops_ring, tgw_kikubaaqudgha, nicolae_overflow_crystal_walls,
          temple_doors_e, serial_shops, shop, shop_statue, shop,
          corexii_item_surrounded_by_moat, uniq_robin
D:5:      cheibrodos_iron_armory, layout_cave_pools, grunt_decor_arrowhead,
          minmay_tree_intersection
D:6:      layout_loops_ring, lemuel_round_altar, nicolae_ossuary_entry_giza,
          corner_web_ring, uniq_blork_the_orc, uniq_edmund
Temple:   nicolae_temple_great_sept

Skill      XL: |  1  2  3  4  5  6  7  8  9 |
---------------+----------------------------+-----
Unarmed Combat | 4 6 7 8 10 | 10.6
Dodging        | 3 4 5 6 |  6.0
Hexes          | 1 |  1.7
Spellcasting   | 1 |  1.5
Fighting       | |  2.4
Stealth        | |  1.0

Action                   |  1- 3 |  4- 6 |  7- 9 || total
-------------------------+-------+-------+-------++-------
Melee: Unarmed           |   106 |   127 |   179 ||   412
       Punch             |     2 |       |     8 ||    10
  Use: Scroll            |     3 |     5 |     4 ||    12
 Stab: Sleeping          |     3 |     3 |     3 ||     9
Armor: Robe              |    24 |    29 |    22 ||    75
Dodge: Dodged            |    51 |    60 |    85 ||   196
